 Dungeon Sprint DCSS version 0.18-a0-1361-g9293dd1 (webtiles) character file.

10 Kidiri the Sneak (level 2, 0/12 HPs)
             Began as a Spriggan Enchanter on Feb 20, 2016.
             Slain by a neqoxec (6 damage)
             ... in the Dungeon (Sprint II: "The Violet Keep of Menkaure").
             The game lasted 00:01:15 (263 turns).

Kidiri the Sneak (Spriggan Enchanter)                Turns: 263, Time: 00:01:15

Health: 0/12       AC:  3    Str:  4    XL:     2   Next: 10%
Magic:  4/6        EV: 19    Int: 16    God:
Gold:   243        SH:  0    Dex: 16    Spells: 2 memorised, 4 levels left

rFire  . . .     SeeInvis +     a - +1 dagger
rCold  . . .     Gourm    .     b - +1 robe
rNeg   . . .     Faith    .     (shield restricted)
rPois  .         Spirit   .     (helmet restricted)
rElec  .         Dismiss  .     (no cloak)
rCorr  .         Reflect  .     (gloves unavailable)
SustAt .         Harm     .     (boots unavailable)
MR     .....     NoTele   +     (no amulet)
Stlth  +++.......               (no ring)
                                (no ring)

@: very quick, not resistant to hostile enchantments, fairly stealthy
A: unfitting armour, antennae 1, see invisible, herbivore 3, speed 3, frail 1,
low mp 1, slow metabolism 2
a: no special abilities


You were in the Dungeon.
You were not hungry.

You visited 1 branch You collected 243 gold pieces.

Inventory:

Hand Weapons
 a - a +1 dagger (weapon)
Armour
 b - a +1 robe (worn)
Scrolls
 j - a scroll of blinking
Potions
 e - a potion of curing
 f - a potion of heal wounds
 g - a potion of haste
 h - 2 potions of magic
Books
 c - a book of Maledictions

   Spells                             Type                      Level
   a - Corona                         Hexes                        1
   b - Ensorcelled Hibernation        Hexes/Ice                    2
   c - Confuse                        Hexes                        3
   d - Tukima's Dance                 Hexes                        3
   e - Dazzling Spray                 Conjuration/Hexes            3
Comestibles
 d - a bread ration


   Skills:
 + Level 0.7 Fighting
 * Level 2.1 Short Blades
 + Level 0.7 Armour
 * Level 4.3 Dodging
 * Level 5.2 Stealth
 * Level 3.1 Spellcasting
 + Level 3.9 Hexes
 + Level 0.0 Ice Magic


You had 4 spell levels left.
You knew the following spells:

 Your Spells              Type           Power        Failure   Level  Hunger
a - Corona                Hex            ###....      4%          1    None
b - Ensorcelled Hibernat  Hex/Ice        #.....       14%         2    ##.....


Dungeon Overview and Level Annotations

Branches:
Dungeon (1/1)

Altars:


Innate Abilities, Weirdness & Mutations

You are tiny and cannot use many weapons and most armour.
You have supernaturally acute eyesight.
You are an herbivore.
You cover ground extremely quickly.
You need consume almost no food.
You have a pair of small antennae on your head.
You are frail (-10% HP).
Your magical capacity is low (-10% MP).


Message History

You hit the neqoxec but do no damage.
The neqoxec is lightly wounded.
The ufetubus closely misses you. The ufetubus barely misses you.
The neqoxec gestures.
You closely miss the neqoxec.
The neqoxec is lightly wounded.
The ufetubus closely misses you. x2; The neqoxec completely misses you.
The ufetubus misses you. The ufetubus hits you.
Unknown command.
You hit the neqoxec.
The neqoxec is moderately wounded.
The ufetubus hits you. The ufetubus misses you. The neqoxec gestures at you.
Something tries to feed on your intellect!
You closely miss the neqoxec.
The neqoxec is moderately wounded.
The ufetubus barely misses you. The ufetubus closely misses you.
The neqoxec hits you.
Ouch! That really hurt!
You die...

## {{ #5# ###
##3# #
##.###@# .##
#...##5##.B.#
+.##%.<.+#
###.##.##$B.#
#.###+# .##
### .$. #
..#m. ##. .##
## ##


You could see a neqoxec and 2 ufetubi.

Vanquished Creatures
  3 worms (D)
3 creatures vanquished.

Vanquished Creatures (others)
  A crocodile (D)
1 creature vanquished.

Grand Total: 4 creatures vanquished

Notes
Turn   | Place    | Note
--------------------------------------------------------------
     0 | D        | Kidiri the Spriggan Enchanter began the quest for the Orb.
     0 | D        | Reached XP level 1. HP: 9/9 MP: 5/5
     1 | D        | Noticed a neqoxec
    38 | D        | Killed a crocodile
    60 | D        | Reached skill level 5 in Stealth
    66 | D        | Reached XP level 2. HP: 9/14 MP: 5/7
    78 | D        | Learned a level 2 spell: Ensorcelled Hibernation
   237 | D        | Noticed a siren
   240 | D        | Noticed a boulder beetle
   240 | D        | Noticed a boulder beetle
   254 | D        | Gained mutation: You are frail (-10% HP). [a neqoxec]
   255 | D        | Gained mutation: Your magical capacity is low (-10% MP). [a neqoxec]
   259 | D        | Gained mutation: You have a pair of small antennae on your head. [a neqoxec]
   263 | D        | Slain by a neqoxec

Vault maps used:
D:        the_violet_keep_of_menkaure

Action                   || total
-------------------------++-------
Melee: Dagger            ||    26
 Cast: Corona            ||     3
       Ensorcelled Hiber ||     1
  Use: Potion            ||     1
 Stab: Sleeping          ||     1
